 Dungeon Crawl Stone Soup version 0.24.0-1-gfbc8707122 (console) character file.

Game seed: 2002019265162638318, levelgen mode: deterministic

66 AlterAsc the Ruffian (level 4, 33/39 HPs)
             Began as a Naga Transmuter on Oct 27, 2019.
             Quit the game on level 2 of the Dungeon on Oct 28, 2019.
             The game lasted 00:09:28 (1350 turns).

AlterAsc the Ruffian (Naga Transmuter)              Turns: 1350, Time: 00:09:29

Health: 33/39      AC:  3    Str: 13    XL:     4   Next: 15%
Magic:  7/7        EV: 10    Int: 14    God:
Gold:   75         SH:  0    Dex: 11    Spells: 7/8 levels left

rFire    . . .     SeeInvis +     - Unarmed
rCold    . . .     Gourm    .   (no shield)
rNeg     . . .     Faith    .   m - +0 animal skin
rPois    +         Spirit   .   (no helmet)
rElec    .         Reflect  .   (no cloak)
rCorr    .         Harm     .   f - +0 pair of gloves
MR       .....                  (no barding)
Stlth    +.........             (no amulet)
HPRegen  0.13/turn              (no ring)
MPRegen  0.10/turn              (no ring)

@: contaminated, glowing, very slow
A: large, see invisible, deformed body, poison resistance, slowness 2, slow
metabolism 1, spit poison 1, AC +1
a: Spit Poison


You were on level 2 of the Dungeon.
You were not hungry.

You visited 1 branch of the dungeon, and saw 2 of its levels.

You collected 75 gold pieces.

Inventory:

Hand Weapons
 h - a +0 dagger of freezing
Missiles
 a - 27 arrows
Armour
 b - a +0 robe
 f - a +0 pair of gloves (worn)
 i - a +0 chain mail
 l - the +0 Maxwell's etheric cage {RegenMP+ *Contam rElec MP+4}
   (You took it off Robin on level 2 of the Dungeon)

   It insulates you from electricity.
   It affects your magic capacity (+4).
   It causes magical contamination when unequipped.
 m - a +0 animal skin (worn)
Scrolls
 c - a scroll of immolation {unknown}
 e - 2 scrolls of identify {unknown}
 j - a scroll of noise {unknown}
 k - a scroll of enchant weapon {unknown}
Comestibles
 d - 2 rations
 g - 10 chunks of flesh


   Skills:
 + Level 1.8 Fighting
 + Level 2.1 Dodging
 + Level 3.4 Unarmed Combat
 + Level 2.5 Spellcasting
 + Level 2.5 Transmutations


You had 7 spell levels left.
You knew the following spells:

 Your Spells              Type           Power        Failure   Level  Hunger
a - Beastly Appendage     Tmut           #.....       8%          1    #......

Your spell library contained the following spells:

 Spells                   Type           Power        Failure   Level  Hunger
 Sticks to Snakes         Tmut           #.......     12%         2    ###....
 Spider Form              Tmut/Pois      #.........   36%         3    ###....
 Ice Form                 Ice/Tmut       #.......     78%         4    #####..
 Blade Hands              Tmut           #.........   91%         5    ######.


Dungeon Overview and Level Annotations

Branches:
Dungeon (2/15)

Altars:
Kikubaaqudgha


Innate Abilities, Weirdness & Mutations

You cannot wear boots.
Your serpentine skin is tough. (AC +1)
You have supernaturally acute eyesight. (SInv)
Armour fits poorly on your strangely shaped body.
Your system is resistant to poisons. (rPois)
You cover ground very slowly.
You have a slow metabolism.
You can spit poison.


Message History

There is an ancient bone altar of Kikubaaqudgha here.
You hit the goblin.
The goblin is heavily wounded.
The goblin hits you with a +0 dagger.
You coil in front of the altar of Kikubaaqudgha.
You hit the goblin.
You kill the goblin!
You see here a +0 dagger.
There isn't anything to butcher here.
You see here a short sword.
Quiver which item? (- for none, * to show all) (? for menu, Esc to quit)
Okay, then.
You stop dropping stuff.
Really take off
l - the +0 Maxwell's etheric cage {RegenMP+ *Contam rElec MP+4}?
You start removing your armour.
You continue taking off the +0 Maxwell's etheric cage {RegenMP+ *Contam rElec MP+4}. x4
You finish taking off the +0 Maxwell's etheric cage {RegenMP+ *Contam rElec MP+4}.
Mutagenic energies flood into your body!
You are contaminated with residual magic.
Are you sure you want to abandon this character and quit the game? (Confirm with "yes".)

##...#....##....##
##..#._)....⌠.##
## #.≈...≈...#
#..≈≈≈≈≈..#
##...≈≈≈≈.# #
##..≈≈≈≈≈..#
##.#....≈≈≈....[
#...)⌠.......###.
#.#...@..$..###
####....###
#.##### #.. #.##
##


There were no monsters in sight!

Vanquished Creatures
  Robin (D:2)
  An adder (D:2)
  An ooze (D:1)
  A leopard gecko (D:1)
  2 giant cockroaches
  13 goblins
  3 hobgoblins
  5 bats
  A frilled lizard (D:2)
  4 kobolds (D:1)
  10 rats
42 creatures vanquished.

Notes
Turn   | Place    | Note
-------+----------+-------------------------------------------
     0 | D:1      | AlterAsc the Naga Transmuter began the quest for the Orb.
     0 | D:1      | Reached XP level 1. HP: 18/18 MP: 3/3
   247 | D:1      | Reached XP level 2. HP: 25/25 MP: 5/5
   649 | D:1      | Reached XP level 3. HP: 7/31 MP: 6/6
  1166 | D:2      | Noticed Robin
  1179 | D:2      | Killed Robin
  1216 | D:2      | Reached XP level 4. HP: 19/39 MP: 7/7
  1324 | D:2      | Found an ancient bone altar of Kikubaaqudgha.
  1350 | D:2      | Quit the game

Levels and vault maps discovered:
D:1:      tarquinn_simple_flora_water_b, layout_basic,
          ebering_dispersal_statue_hall
D:2:      layout_loops_corners, kiku_gazebo_pond_becter, first_ration,
          grunt_qazlal_clouds, uniq_jessica, uniq_sigmund, uniq_natasha,
          uniq_robin

Skill      XL: |  1  2  3 |
---------------+----------+-----
Dodging        | 2 |  2.1
Fighting       | |  1.8
Unarmed Combat | |  3.4
Spellcasting   | |  2.5
Transmutations | |  2.5

Action                   |  1- 3 |  4- 6 || total
-------------------------+-------+-------++-------
Melee: Unarmed           |   136 |    28 ||   164
       Punch             |     1 |     1 ||     2
 Cast: Beastly Appendage |     2 |       ||     2
 Abil: Spit Poison       |     6 |       ||     6
  Eat: Chunk             |       |     1 ||     1
Armor: Robe              |     5 |       ||     5
       Chain mail        |    60 |     3 ||    63
       Animal skin       |       |     7 ||     7
       Skin              |       |     2 ||     2
Dodge: Dodged            |    44 |    16 ||    60
